 Dungeon Crawl Stone Soup version 0.29-a0-330-g52719c12eb (webtiles) character file.

Game seed: 14521124985280556169

4418 Ajdolov the Thaumaturge (level 10, -1/44 HPs)
             Began as a Vine Stalker Conjurer on Apr 26, 2022.
             Slain by an orc warrior
             ... wielding a +0 flail
              (9 damage)
             ... on level 9 of the Dungeon on Apr 27, 2022.
             The game lasted 00:29:22 (11121 turns).

Ajdolov the Thaumaturge (Vine Stalker Conjurer)    Turns: 11121, Time: 00:29:23

Health: -1/44      AC:  5    Str:  9    XL:     10   Next: 36%
Magic:  0/25       EV: 12    Int: 22    God:
Gold:   334        SH:  0    Dex: 14    Spells: 21/29 levels left

rFire   + . .      SeeInvis .     - Blade Hands
rCold   + . .      Faith    .   (shield currently unavailable)
rNeg    . . .      Spirit   +   p - +2 robe {rC+ rF+}
rPois   +          Reflect  .   (no helmet)
rElec   .          Harm     .   y - +0 cloak {rCorr}
rCorr   +          Rampage  .   (gloves currently unavailable)
Will    +....                   (no boots)
Stlth   ++........              (no amulet)
HPRegen 0.94/turn               l - ring of poison resistance
MPRegen 0.19/turn               (no ring)

@: blade hands
A: fangs 3, regeneration 1, magic shield, antimagic bite, no potion heal 2
a: End Transformation


You were on level 9 of the Dungeon.
You had blades for hands.
You visited 2 branches of the dungeon, and saw 10 of its levels.

You collected 429 gold pieces.
You spent 95 gold pieces at shops.

Inventory:

Hand Weapons
 t - a +1 whip of venom (melded)
Armour
 j - a +0 buckler
 p - a +2 robe of resistance (worn)
 y - a +0 cloak of preservation (worn)
Jewellery
 g - an amulet of faith
 l - a ring of poison resistance (left blade hand)
Wands
 c - a wand of charming (6)
 q - a wand of iceblast (6)
Scrolls
 f - 6 scrolls of teleportation
 h - 2 scrolls of enchant armour {unknown}
 n - 3 scrolls of immolation
 o - a scroll of fear {unknown}
 r - a scroll of noise {unknown}
 s - a scroll of vulnerability {unknown}
 u - 2 scrolls of magic mapping {unknown}
 v - a scroll of fog {unknown}
 w - 3 scrolls of identify
Potions
 a - a potion of degeneration {unknown}
 b - 2 potions of resistance {unknown}
 d - a potion of curing
 e - a potion of might
 i - 3 potions of magic
 k - a potion of invisibility {unknown}
 m - a potion of cancellation {unknown}
 x - a potion of lignification {unknown}


   Skills:
 - Level 1.5 Dodging
 - Level 2.4 Stealth
 - Level 10.0 Spellcasting
 - Level 7.6 Conjurations
 * Level 9.2 Transmutations


You had 21 spell levels left.
You knew the following spells:

 Your Spells              Type           Power      Damage    Failure   Level
a - Magic Dart            Conj           100%       1d8       10%         1
b - Searing Ray           Conj           88%        2d7       11%         2
c - Blade Hands           Tmut           25%        N/A       28%         5

Your spell library contained the following spells:

 Spells                   Type           Power      Damage    Failure   Level
 Sting                    Tmut/Pois      100%       1d8       14%         1
 Dazzling Flash           Conj/Hex       54%        N/A       28%         3
 Poisonous Vapours        Pois/Air       22%        N/A       43%         2
 Fulminant Prism          Conj/Hex       13%        3d9       50%         4
 Iskenderun's Mystic Bla  Conj/Tloc      27%        2d7       50%         4
 Portal Projectile        Hex/Tloc       22%        N/A       61%         3
 Olgreb's Toxic Radiance  Pois           11%        N/A       88%         4
 Passage of Golubria      Tloc           11%        N/A       88%         4
 Excruciating Wounds      Necr           5%         N/A       99%         5
 Silence                  Hex/Air        5%         N/A       99%         5
 Lehudib's Crystal Spear  Conj/Erth      13%        10d5      100%        8


Dungeon Overview and Level Annotations

Branches:
Dungeon (9/15)             Temple (1/1) D:7
   Lair: D:8-11         Orc: D:9-12

Altars:
Ashenzari
Cheibriados
Dithmenos
Elyvilon
Fedhas
Gozag
Hepliaklqana
Kikubaaqudgha
Makhleb
Nemelex Xobeh
Okawaru
Qazlal
Ru
Sif Muna
Trog
Uskayaw
Vehumet
Wu Jian
Xom
Yredelemnul
Zin
The Shining One

Shops:
D:3 ?   D:4 :

Portals:
Abyss: D:3

Annotations:
D:2 1 runed translucent door, Crazy Yiuf
D:3 2 transporters, Gwenloh's ghost, amateur DrEE
D:6 1 runed translucent door, Athor's ghost, novice VSFi


Innate Abilities, Weirdness & Mutations

You have blades for hands.
Your spellcasting is less reliable in this form.
You are incapable of wielding weapons or throwing items.
You have razor-sharp teeth.
Your natural rate of healing is unusually fast.
When hurt, damage is shared between your health and your magic reserves.
Your bite disrupts and absorbs the magic of your enemies.
Potions cannot restore your health.


Message History

The wyvern is heavily wounded.
The wyvern barely misses you. The orc closely misses you.
You slash the wyvern!
The wyvern is almost dead.
Your hands revert to their normal proportions.
Your +1 whip of venom unmelds from your body.
Your +1 whip of venom begins to drip with poison!
The wyvern barely misses you. The wyvern closely misses you.
The orc barely misses you.
Casting: Blade Hands (quite dangerous; 4% risk of failure)
Confirm with . or Enter, or press ? or * to list all spells.
Okay, then.
Casting: Blade Hands (quite dangerous; 4% risk of failure)
Confirm with . or Enter, or press ? or * to list all spells.
The spell is quite dangerous to miscast (4% risk of failure)!
Continue anyway?
Your hands turn into razor-sharp scythe blades.
Your +1 whip of venom melds into your body.
Your +1 whip of venom stops dripping with poison.
The wyvern bites you!
The orc hits you from afar with a +0 trident.
Unknown command.
You slash the wyvern!
You kill the wyvern!
The orc closely misses you.
You slash the orc warrior! You bite the orc warrior. You drain its power.
You feel invigorated.
The orc warrior is heavily wounded.
The orc closely misses you. The orc warrior barely misses you.
Unknown command.
You barely miss the orc warrior.
The orc warrior is heavily wounded.
The orc hits you but does no damage.
The orc warrior hits you with a +0 flail!
* * * LOW HITPOINT WARNING * * *
Unknown command.
You slash the orc warrior!
The orc warrior is severely wounded.
The orc barely misses you.
The orc warrior hits you with a +0 flail!
You die...

..........o#.###.#.....#
.......#o..#.###'#.########
###...K#...........#......#
####.#...........##.###.#
..#..†o..........# #.#
K.###l#'###'###### #.#
.K.#...#.# #...# #.#
##.#)###o#####.# #.#
#oo@..#...#.# #.#
#######.#.#.# #<#
#.......#.#.# #.#
#..#.####.#.# ###
#..#......#.# #.<#.######.#
##.########.# #...........#
#############


You could see an orc warrior and 2 orcs.

Vanquished Creatures
  A two-headed ogre (D:8)
  Sigmund (D:4)
  A wyvern (D:9)
  4 yaks
  3 steam dragons
  4 water moccasins
  An acid dragon (D:8)
  An orc warrior (D:8)
  2 black bears
  An ogre (D:6)
  A centaur (D:8)
  A kobold brigand (D:9)
  A gnoll sergeant (D:7)
  A bullfrog (D:8)
  5 necrophages (D:7)
  2 scorpions
  3 wights (D:7)
  A centaur zombie (D:7)
  2 orc priests
  A jelly (D:4)
  4 hounds
  Jessica (D:3)
  Terence (D:2)
  An iguana (D:4)
  4 orc wizards
  5 mummies
  A howler monkey zombie (D:7)
  9 gnolls
  13 adders
  2 ufetubi
  A worm (D:2)
  4 dart slugs
  22 orcs
  6 ball pythons
  8 endoplasms
  2 giant cockroaches
  5 goblins
  9 hobgoblins
  4 jackals (D:4)
  3 quokkas
  4 bats
  3 frilled lizards
  A goblin zombie (D:4)
  A hobgoblin zombie (D:4)
  5 kobolds
  2 rats (D:1)
158 creatures vanquished.

Vanquished Creatures (others)
  A fungus (D:2)
  9 plants (D:2)
  A withered plant (D:7)
11 creatures vanquished.

Grand Total: 169 creatures vanquished

Notes
Turn   | Place    | Note
-------+----------+-------------------------------------------
     0 | D:1      | Ajdolov the Vine Stalker Conjurer began the quest for the
                  | Orb.
     0 | D:1      | Reached XP level 1. HP: 9/9 MP: 4/4
   182 | D:1      | Reached XP level 2. HP: 13/13 MP: 1/6
   702 | D:1      | Learned a level 2 spell: Searing Ray
   901 | D:2      | Reached XP level 3. HP: 1/16 MP: 1/8
  1335 | D:2      | Reached skill level 3 in Spellcasting
  1335 | D:2      | Reached skill level 5 in Conjurations
  1394 | D:2      | Gained mutation: Your natural rate of healing is unusually
                  | fast. [Vine Stalker growth]
  1394 | D:2      | Reached XP level 4. HP: 21/21 MP: 5/9
  1630 | D:2      | Found a runed translucent door.
  1631 | D:2      | Noticed Crazy Yiuf
  1735 | D:2      | Found a faded altar of an unknown god.
  1812 | D:2      | You fall into a shaft and drop 2 floors!
  1828 | D:4      | Reached XP level 5. HP: 16/24 MP: 1/11
  2532 | D:3      | Noticed Jessica
  2538 | D:3      | Killed Jessica
  2539 | D:3      | Reached XP level 6. HP: 25/28 MP: 6/12
  2692 | D:3      | Found Vyzics's Magic Scroll Boutique.
  2702 | D:3      | Bought a scroll of identify for 20 gold pieces
  2702 | D:3      | Bought a scroll of blinking for 75 gold pieces
  2729 | D:3      | Reached skill level 4 in Spellcasting
  2855 | D:3      | Found a transporter.
  2861 | D:3      | Found a one-way gate to the infinite horrors of the Abyss.
  2936 | D:3      | Noticed Terence
  2944 | D:2      | Killed Terence
  3065 | D:3      | Found a transporter.
  3093 | D:3      | Noticed Gwenloh's ghost (amateur DrEE)
  4250 | D:4      | Found Nuabisuc's Book Boutique.
  4273 | D:4      | Reached XP level 7. HP: 32/32 MP: 10/14
  4664 | D:4      | Noticed Sigmund
  4685 | D:4      | Killed Sigmund
  4686 | D:4      | Reached skill level 5 in Spellcasting
  5066 | D:5      | Entered Level 5 of the Dungeon
  5359 | D:5      | Reached skill level 6 in Spellcasting
  5359 | D:5      | Gained mutation: You have razor-sharp teeth. [Vine Stalker
                  | growth]
  5359 | D:5      | Reached XP level 8. HP: 22/36 MP: 3/18
  5551 | D:5      | Reached skill level 7 in Spellcasting
  5733 | D:5      | Noticed a yak
  5733 | D:5      | Noticed a yak
  5733 | D:5      | Noticed a yak
  5733 | D:5      | Noticed a yak
  5749 | D:5      | Killed a yak
  5751 | D:5      | Killed a yak
  5752 | D:5      | Reached skill level 8 in Spellcasting
  5864 | D:4      | Killed a yak
  5870 | D:4      | Killed a yak
  5871 | D:4      | Reached skill level 9 in Spellcasting
  6252 | D:5      | Reached XP level 9. HP: 39/39 MP: 13/23
  7365 | D:6      | Found a runed translucent door.
  7374 | D:6      | Noticed Athor's ghost (novice VSFi)
  7376 | D:6      | Noticed a two-headed ogre
  7916 | D:6      | Learned a level 5 spell: Blade Hands
  8020 | D:7      | Found a staircase to the Ecumenical Temple.
  8054 | Temple   | Entered the Ecumenical Temple
  8463 | D:7      | Reached skill level 1 in Transmutations
  8521 | D:7      | Reached skill level 10 in Spellcasting
  8891 | D:7      | Reached skill level 5 in Transmutations
  9958 | D:8      | Found a glowing golden altar of the Shining One.
 10036 | D:8      | Noticed a two-headed ogre
 10039 | D:8      | Reached XP level 10. HP: 34/44 MP: 14/25
 10804 | D:8      | Killed a two-headed ogre
 11076 | D:9      | Noticed a gargoyle
 11121 | D:9      | Slain by an orc warrior

Illustrated notes

Levels and vault maps discovered:
D:1:      dpeg_arrival_chambers_temple_mockup, layout_rooms,
          grunt_decor_one_mirror
D:2:      layout_basic, shapermc_ecumenical_altar_mp_urbaneastern,
          uniq_crazy_yiuf_cottage
D:3:      layout_basic, serial_shops, nicolae_shop_trees,
          gammafunk_ghost_abyssal_escape, uniq_jessica, uniq_terence
D:4:      layout_basic, serial_shops, shop_statue, nicolae_ossuary_entry_giza,
          grunt_decor_cap, uniq_sigmund
D:5:      layout_cave_pods, roderic_roman_lattice
D:6:      layout_basic, ebering_ghost_inner_flame
D:7:      layout_basic, minmay_temple_entry_stoned_glass, serial_undead,
          serial_undead_a, serial_undead_d, serial_undead_c, serial_undead_d,
          serial_undead_c
D:8:      layout_loops_cross, mainiacjoe_overflow_six_doors_small,
          minmay_tree_intersection, minmay_misc_feat_iff
D:9:      minmay_recursive_quarters, layout_basic, chequers_jeans
Temple:   roderic_octagonal_lattice_temple

Skill      XL: |  1  2  3  4  5  6  7  8  9 10 |
---------------+-------------------------------+-----
Spellcasting   | 3 4 6 9 10 | 10.0
Conjurations   | 5 6 7 |  7.6
Transmutations | 7 9 |  9.2
Dodging        | |  1.5
Stealth        | |  2.4

Action                   |  1- 3 |  4- 6 |  7- 9 | 10-12 || total
-------------------------+-------+-------+-------+-------++-------
Melee: Spear             |     6 |    36 |       |       ||    42
       Bite              |       |     8 |     8 |     8 ||    24
       Dagger            |       |     2 |    11 |       ||    13
       Whip              |       |       |    14 |       ||    14
       Unarmed           |       |       |       |    20 ||    20
 Cast: Magic Dart        |    37 |    21 |     3 |       ||    61
       Searing Ray       |     4 |    31 |    68 |     7 ||   110
       Blade Hands       |       |       |       |     3 ||     3
Evoke: Wand              |       |       |       |     2 ||     2
  Use: Potion            |     3 |       |     1 |       ||     4
       Scroll            |       |     1 |     3 |       ||     4
 Stab: Sleeping          |     1 |     1 |       |       ||     2
Armor: Robe              |       |     8 |    27 |     5 ||    40
Dodge: Dodged            |     9 |    26 |    67 |    24 ||   126

Table legend: (Time is in decaauts)
 A = Elapsed time spent in this place.
 B = Non-inter-level travel time spent in this place.
 C = Inter-level travel time spent in this place.
 D = Time resting spent in this place.
 E = Time spent auto-exploring this place.
 F = Levels seen in this place.
 G = Mean time per level.
                   A        B        C        D        E       F      G
               +--------+--------+--------+--------+--------+-----+--------+
         Total |  11126 |  10654 |    472 |   1257 |   7723 |  10 | 1112.6 |
       Dungeon |  10749 |  10297 |    452 |   1257 |   7388 |   9 | 1194.3 |
        Temple |    377 |    357 |     20 |      0 |    335 |   1 |  377.0 |
               +--------+--------+--------+--------+--------+-----+--------+

Top non-repeatable levels by time:
     D:4: 2022 daAuts
     D:5: 1588 daAuts
     D:2: 1522 daAuts
     D:7: 1363 daAuts
     D:6: 1222 daAuts
     D:8: 1195 daAuts
     D:3: 913 daAuts
     D:1: 750 daAuts
  Temple: 377 daAuts
     D:9: 170 daAuts
